 Dungeon Crawl Stone Soup version 0.31.0-11-ge490571c62 (webtiles) character file.

Game seed: 17165565900377630281

52 Yore the Trooper (level 3, 0/24 HPs)
             Began as a Gargoyle Fighter on Feb 1, 2024.
             Slain by Crazy Yiuf
             ... wielding a +4 quarterstaff of chaos
              (7 damage)
             ... on level 2 of the Dungeon.
             The game lasted 00:01:44 (1584 turns).

Yore the Trooper (Gargoyle Fighter)                 Turns: 1584, Time: 00:01:44

Health: 0/24       AC: 10    Str: 19    XL:     3   Next: 85%
Magic:  3/3        EV:  9    Int:  8    God:
Gold:   103        SH:  4    Dex: 11    Spells: 2/2 levels left

rFire   . . .        a - +0 flail
rCold   . . .        c - +0 buckler
rNeg    + . .        b - +0 scale mail
rPois   ∞            (no helmet)
rElec   +            j - scarf {shadows}
rCorr   .            (no gloves)
SInv    .            (no boots)
Will    .....        (no amulet) Stlth
                     (no ring)
HPRegen 0.24/turn    (no ring)
MPRegen 0.08/turn

%: no passive effects
@: no status effects
A: sickness immunity, AC +3, negative energy resistance 1, electricity
resistance, torment resistance 1, petrification resistance
a: no special abilities


You were on level 2 of the Dungeon.
You visited 1 branch of the dungeon, and saw 3 of its levels.

You collected 103 gold pieces.

Inventory:

Hand Weapons
 a - a +0 flail (weapon)
Armour
 b - a +0 scale mail (worn)
 c - a +0 buckler (worn)
 j - a scarf of shadows (worn)
Jewellery
 i - a ring of fire
Scrolls
 e - a scroll of fear {unknown}
 f - a scroll of identify {unknown}
 g - 2 scrolls of enchant weapon {unknown}
 k - a scroll of amnesia {unknown}
Potions
 d - a potion of might
 h - a potion of invisibility {unknown}


   Skills:
 * Level 3.9 Fighting
 * Level 2.8 Maces & Flails
 + Level 3.6 Armour
 + Level 3.6 Shields


You had 2 spell levels left.
You didn't know any spells.
Your spell library was empty.

Dungeon Overview and Level Annotations

Branches:
Dungeon (3/15)

Altars:

Annotations:
D:2 Crazy Yiuf


Innate Abilities, Weirdness & Mutations

You are immune to sickness and miasma.
Your stone body is resilient. (AC +3)
You are immune to poison.
You resist negative energy. (rN+)
You are resistant to electric shocks. (rElec)
You are resistant to unholy torment.
You are immune to petrification.


Message History

The goblin misses you.
You sock the endoplasm!
You kill the endoplasm!
You closely miss the goblin. The goblin hits you but does no damage.
You barely miss the goblin. You block the goblin's attack.
The goblin closely misses you.
You closely miss the goblin. The goblin hits you with a +0 club.
You sock the goblin!
You kill the goblin!
You hit the orc.
The orc is severely wounded.
The orc hits you but does no damage.
You hit the orc but do no damage.
The orc is severely wounded.
The orc hits you with a +0 flail! The orc barely misses you.
You hit the orc but do no damage.
The orc is severely wounded.
The orc barely misses you.
You hit the orc.
You kill the orc!
Items here: )) [ ††.
HP restored.
There is a stone staircase leading down here.
Crazy Yiuf shouts!
As you open the door, it creaks loudly!
You closely miss Crazy Yiuf.
Crazy Yiuf hits you with a +4 quarterstaff of chaos!
Ouch! That really hurt!
Crazy Yiuf burns you.
* * * LOW HITPOINT WARNING * * *
You hit Crazy Yiuf.
Crazy Yiuf is moderately wounded.
You block Crazy Yiuf's attack.
You hit Crazy Yiuf but do no damage.
Crazy Yiuf is moderately wounded.
Crazy Yiuf hits you but does no damage. You block Crazy Yiuf's attack.
You barely miss Crazy Yiuf.
Crazy Yiuf is moderately wounded.
Crazy Yiuf hits you with a +4 quarterstaff of chaos!
You die...

#.. #.. #.. #.. #..
♣♣♣♣♣### #.. ###
♣♣♣.♣..#.## ###..
#...#♣..♣......###....
#...g@♣♣♣♣......##.#..
#)..#♣♣ ♣♣.#.........
### ♣♣######.##. #.##.
#.##.
#############.##.
#..............##
#############..# #..#


You could see Crazy Yiuf.

Vanquished Creatures
  An adder (D:2)
  A ribbon worm (D:2)
  2 dart slugs (D:1)
  An orc (D:2)
  3 endoplasms
  A giant cockroach (D:2)
  2 goblins
  3 hobgoblins
  3 jackals (D:1)
  2 quokkas (D:1)
  6 ball pythons
  2 bats (D:2)
  A frilled lizard (D:2)
  4 kobolds
  4 rats
36 creatures vanquished.

Notes
Turn   | Place    | Note
-------+----------+-------------------------------------------
     0 | D:1      | Yore the Gargoyle Fighter began the quest for the Orb.
     0 | D:1      | Reached XP level 1. HP: 14/14 MP: 1/1
   154 | D:1      | Reached XP level 2. HP: 19/19 MP: 2/2
   713 | D:2      | Reached XP level 3. HP: 24/24 MP: 3/3
   774 | D:2      | Found a runed translucent door.
   775 | D:2      | Noticed Crazy Yiuf
   926 | D:2      | Found a faded altar of an unknown god.
  1584 | D:2      | Slain by Crazy Yiuf

Illustrated notes

Levels and vault maps discovered:
D:1:      dpeg_arrival_more_subterranean_lakeside_camping, layout_basic
D:2:      layout_loops_ring, nicolae_ecumenical_snake_handling,
          kennysheep_generic_room_10, uniq_crazy_yiuf_cottage
D:3:      layout_rooms, mainiacjoe_overflow_chevrons,
          nicolae_dithmenos_shadow_blocks, uniq_sigmund, uniq_natasha

Action                     || total
---------------------------++-------
  Melee: Flail             ||   118
 Armour: Scale mail        ||    95
  Dodge: Dodged            ||    60
  Block: Buckler           ||    27
